 Dungeon Sprint DCSS version 0.21.1-1-g345015f (webtiles) character file.

205 Fang the Fighter (level 5, -1/57 HPs)
             Began as a Minotaur Berserker on Apr 30, 2018.
             Was a Believer of Trog.
             Slain by a merfolk
             ... wielding a +0 trident
              (8 damage)
             ... while paralysed
             ... in the Dungeon (Sprint V: "Ziggurat Sprint").
             The game lasted 00:01:00 (361 turns).

Fang the Fighter (Minotaur Berserker)                Turns: 361, Time: 00:01:01

Health: -1/57      AC: 17    Str: 29    XL:     5   Next: 53%
Magic:  4/4        EV:  2    Int:  4    God:    Trog [**....]
Gold:   0          SH:  0    Dex:  9    Spells: 4/4 levels left

rFire    . . .     SeeInvis .   l - +5 demon trident
rCold    . . .     Gourm    .   (no shield)
rNeg     . . .     Faith    .   j - +5 shadow dragon scales
rPois    .         Spirit   .   (helmet restricted)
rElec    .         Reflect  .   (no cloak)
rCorr    .         Harm     .   (no gloves)
MR       .....     NoTele   +   (no boots)
Stlth    ++........             (no amulet)
HPRegen  0.19/turn              G - ring of flight
MPRegen  0.09/turn              F - +6 ring of strength

@: paralysed, berserk cooldown, held, slowed
A: retaliatory headbutt, horns 2
a: Berserk, Trog's Hand, Burn Spellbooks, Renounce Religion, Evoke Flight


You were in the Dungeon.
You worshipped Trog.
Trog was pleased with you.
You were not hungry.

You visited 1 branch

Inventory:

Hand Weapons
 k - a +5 executioner's axe
 l - a +5 demon trident (weapon)
Armour
 j - +5 shadow dragon scales (worn)
Jewellery
 F - a +6 ring of strength (right hand)
 G - a ring of flight (left hand)
Wands
 x - a wand of disintegration (7)
 y - a wand of iceblast (7)
 z - a wand of acid (7)
Scrolls
 i - 4 scrolls of blinking
 m - 7 scrolls of fog
 n - a scroll of holy word
 o - 5 scrolls of identify
 p - 5 scrolls of remove curse
 q - 2 scrolls of fear
Potions
 d - 10 potions of curing
 e - 10 potions of heal wounds
 f - 6 potions of haste
 g - 7 potions of magic
 h - 3 potions of berserk rage
 r - 2 potions of brilliance
 s - 2 potions of invisibility
 t - 4 potions of resistance
 u - a potion of experience
 v - 5 potions of agility
 w - 5 potions of might
Comestibles
 a - 2 chunks of flesh
 c - 7 rations


   Skills:
 + Level 9.1 Fighting
 + Level 9.0(9.1) Axes
 + Level 1.8(5.9) Polearms
 + Level 5.7 Armour
 + Level 4.6 Dodging


You had 4 spell levels left.
You didn't know any spells.

Dungeon Overview and Level Annotations

Branches:
Dungeon (1/1)

Altars:
Ashenzari
Cheibriados
Dithmenos
Elyvilon
Fedhas
Gozag
Hepliaklqana
Kikubaaqudgha
Makhleb
Nemelex Xobeh
Okawaru
Qazlal
Ru
Sif Muna
Trog
Uskayaw
Vehumet
Wu Jian
Xom
Yredelemnul
Zin
The Shining One
Beogh
Jiyva
Lugonu

Annotations:
D 1 transporter


Innate Abilities, Weirdness & Mutations

You reflexively headbutt those who attack you in melee.
You have a pair of horns on your head.


Message History

The exploding tomahawk hits you but does no damage.
The exploding tomahawk explodes!
The explosion of tomahawk fragments engulfs you!
You struggle against the net.
You are no longer berserk.
You pass out from exhaustion.
You feel yourself slow down.
The merfolk hits you from afar with a trident.
The merfolk barely misses you.
The merfolk hits you from afar with a trident!
The merfolk hits you but does no damage.
The merfolk hits you from afar with an enchanted trident.
The merfolk hits you from afar with a trident!
The merfolk hits you from afar with a trident.
The merfolk hits you from afar with an enchanted trident.
* * * LOW HITPOINT WARNING * * *
The merfolk hits you from afar with a trident!
* * * LOW HITPOINT WARNING * * *
The merfolk hits you from afar with a trident!
You die...

▓▓▓▓▓▓▓▓▓▓▓▓▓▓▓▓▓▓▓
▓.8©8.▓.8©8.▓.8©8.▓
▓."}..▓.|[[.▓.....▓
▓.....▓.....▓.|.|.▓
▓..m..▓.....▓.....▓
▓.mmm.▓.÷...▓..)..▓
▓.....▓.....▓..©).▓
▓..@..▓..©..▓▓▓▓▓▓▓
▓▓▓▓▓▓▓▓▓▓▓▓▓


You could see 4 merfolk.

Vanquished Creatures
  2 wolves (D)
  An orc wizard (D)
  A river rat (D)
  An orc (D)
5 creatures vanquished.

Notes
Turn   | Place    | Note
-------+----------+-------------------------------------------
     0 | D        | Found the +6 Majin-Bo {vamp, Archmagi MP+6 Int+6}
     0 | D        | Found the +7 great mace "Firestarter" {inner flame, rF++}
     0 | D        | Fang the Minotaur Berserker began the quest for the Orb.
     0 | D        | Reached XP level 1. HP: 19/19 MP: 0/0
     3 | D        | Found a blossoming altar of Fedhas.
     4 | D        | Found a viscous altar of Jiyva.
     4 | D        | Found a hazy altar of Hepliaklqana.
     4 | D        | Found a transporter.
     4 | D        | Found an opulent altar of Gozag.
     4 | D        | Found an ancient bone altar of Kikubaaqudgha.
     4 | D        | Found a corrupted altar of Lugonu.
    10 | D        | Found a burning altar of Makhleb.
    11 | D        | Found a stormy altar of Qazlal.
    11 | D        | Found a sacrificial altar of Ru.
    11 | D        | Found an iron altar of Okawaru.
    11 | D        | Found a deep blue altar of Sif Muna.
    11 | D        | Found a sparkling altar of Nemelex Xobeh.
    11 | D        | Found a bloodstained altar of Trog.
    73 | D        | Entered arena 2.
    73 | D        | Noticed an orc wizard
    73 | D        | Found a transporter.
    75 | D        | Killed an orc wizard
    75 | D        | Reached skill level 5 in Fighting
    75 | D        | Reached skill level 5 in Axes
    75 | D        | Reached XP level 2. HP: 30/30 MP: 1/1
    76 | D        | Reached ** piety under Trog
    76 | D        | Reached XP level 3. HP: 37/37 MP: 2/2
   124 | D        | Entered arena 3.
   124 | D        | Noticed a wolf
   124 | D        | Noticed a wolf
   124 | D        | Found a transporter.
   130 | D        | Killed a wolf
   130 | D        | Reached XP level 4. HP: 24/48 MP: 3/3
   136 | D        | Killed a wolf
   136 | D        | Reached skill level 1 in Polearms
   136 | D        | Reached skill level 5 in Armour
   136 | D        | Reached XP level 5. HP: 17/57 MP: 4/4
   352 | D        | Entered arena 4.
   352 | D        | Noticed a merfolk
   352 | D        | Noticed a merfolk
   352 | D        | Noticed a merfolk
   352 | D        | Noticed a merfolk
   352 | D        | Found a transporter.
   361 | D        | Slain by a merfolk

Skill      XL: |  1  2  3  4  5 |
---------------+----------------+-----
Fighting       | 5 7 9 |  9.1
Axes           | 5 7 8 9 |  9.0
Armour         | 3 4 5 |  5.7
Dodging        | 3 4 |  4.6
Polearms       | 1 |  1.8

Action                   |  1- 3 |  4- 6 || total
-------------------------+-------+-------++-------
Melee: Demon trident     |     7 |     6 ||    13
Invok: Berserk           |     1 |     1 ||     2
Armor: Shadow dragon sca |     8 |    14 ||    22
Dodge: Dodged            |     2 |     9 ||    11
